 Dungeon Sprint DCSS version 0.30-a0-1016-gfb0d676c02 (webtiles) character file.

Game seed: 2801330744354209043

31 rocky1 the Digger (level 3, -2/21 HPs)
             Began as a Deep Elf Earth Elementalist on Apr 7, 2023.
             Was a Priest of Sif Muna.
             Killed from afar by Pikel (12 damage)
             ... with an iceblast
             ... in the Dungeon (Sprint VII: "The Pits").
             The game lasted 00:01:47 (532 turns).

rocky1 the Digger (Deep Elf Earth Elementalist)      Turns: 532, Time: 00:01:48

Health: -2/21      AC:  2    Str:  5    XL:     3   Next: 7%
Magic:  5/11       EV: 13    Int: 21    God:    Sif Muna [***...]
Gold:   0          SH:  0    Dex: 15    Spells: 10/11 levels left

rFire   . . .      SeeInvis .    l - +0 quarterstaff (speed)
rCold   . . .      Faith    .    (shield currently unavailable)
rNeg    . . .      Spirit   .    a - +0 robe
rPois   .          Reflect  .    (no helmet)
rElec   .          Rampage  .    (no cloak)
rCorr   .          NoTele   +    (no gloves)
Will    .....                    (no boots)
Stlth   ++                       (no amulet)
HPRegen 0.23/turn                (no ring)
MPRegen 0.12/turn                (no ring)

@: no status effects
A: no striking features
a: Renounce Religion, Channel Magic, Forget Spell


You were in the Dungeon.
You worshipped Sif Muna.
Sif Muna was most pleased with you.
You visited 1 branch

Inventory:

Hand Weapons
 k - a +2 quarterstaff
 l - a +0 quarterstaff of speed (weapon)
Armour
 a - a +0 robe (worn)
Scrolls
 i - 5 scrolls of amnesia
Potions
 b - 5 potions of magic
 c - 6 potions of curing
 d - 5 potions of heal wounds
 e - a potion of haste
 f - 3 potions of berserk rage
 h - 2 potions of invisibility


   Skills:
 * Level 1.7 Fighting
 + Level 3.1 Dodging
 - Level 2.4 Stealth
 + Level 4.5 Spellcasting
 - Level 1.1 Transmutations
 + Level 5.4 Earth Magic
 * Level 2.3 Invocations


You had 10 spell levels left.
You knew the following spells:

 Your Spells              Type           Power      Damage    Failure   Level
a - Sandblast             Erth           54%        2d13      1%          1

Your spell library contained the following spells:

 Spells                   Type           Power      Damage    Failure   Level
 Passwall                 Tmut/Erth      15%        N/A       4%          2
 Stone Arrow              Conj/Erth      32%        3d9       11%         3
 Petrify                  Tmut/Erth      18%        N/A       30%         4


Dungeon Overview and Level Annotations

Branches:
Dungeon (1/1)

Altars:
Ashenzari
Cheibriados
Dithmenos
Elyvilon
Fedhas
Gozag
Hepliaklqana
Kikubaaqudgha
Makhleb
Nemelex Xobeh
Okawaru
Qazlal
Ru
Sif Muna
Trog
Uskayaw
Vehumet
Wu Jian
Xom
Yredelemnul
Zin
The Shining One
Jiyva
Lugonu

Annotations:
D Pikel


Message History

Pikel closely misses you.
The lemure closely misses your small abomination.
Aiming: Sandblast (safe; 1% risk of failure)
Press: ? - help, Q - select action, (/) - cycle Shift-Dir - straight line, f/p - Pikel
Aim: Pikel, wielding a +1 whip of electrocution, wearing a +2 robe of resistance and carrying a wand of iceblast (8) (lightly wounded, 79% to hit)
The blast of sand hits Pikel!
Pikel is moderately wounded.
The hound bites your small abomination but does no damage.
Your small abomination closely misses the lemure.
The lemure barely misses your small abomination. x2
Pikel hits you with a +1 whip of electrocution.
The hound barely misses your small abomination.
Your small abomination hits the lemure but does no damage.
Blink to where?
Press: ? - help, Dir - move target, p - Pikel
As you read the scroll of blinking, it crumbles to dust.
Something bites your small abomination.
The lemure hits your small abomination but does no damage.
Something closely misses your small abomination.
You feel much better.
Something barely misses your small abomination.
Your small abomination hits the lemure!!
The lemure dies!
Pikel zaps a wand.
The mass of ice explodes!
The iceblast engulfs you!
Ouch! That really hurt!
Something hits your small abomination but does no damage.
Something closely misses your small abomination.
Aiming: Sandblast (safe; 1% risk of failure)
Press: ? - help, Q - select action, (/) - cycle Shift-Dir - straight line, f - you
Okay, then.
Aiming: Sandblast (safe; 1% risk of failure)
Press: ? - help, Q - select action, (/) - cycle Shift-Dir - straight line, f - Pikel
Aim: Pikel, wielding a +1 whip of electrocution, wearing a +2 robe of resistance and carrying a wand of iceblast (7) (moderately wounded, ally target, 79% to hit)
The blast of sand hits Pikel.
Pikel is heavily wounded.
The hound barely misses your small abomination.
The hound closely misses your small abomination.
Pikel zaps a wand.
The mass of ice explodes!
The iceblast engulfs you!
Ouch! That really hurt!
You die...

##########'##.....
#.?(.')))'.##.....
##########.##.....
#..........)'.....
#'#####'#####.....
#.#...#.#[[##.....
#.#...#.#))#####'#
#.#...'.#).##.....
#@##'####))##.....
#.#..).†#..##.....
#K#†....#'###...<.
#x#........##.....
#.#........##.....
#5###########.....
#Mh# ###### #K5..
##.#l#


You could see Pikel (ally target), 2 lemures, a mummy, a hound, a kobold and a
friendly small abomination (summoned).

Vanquished Creatures
  A gnoll (D)
  An adder (D)
  A ball python (D)
  A hobgoblin (D)
  5 jackals (D)
  A quokka (D)
  A kobold (D)
  A quokka zombie (D)
12 creatures vanquished.

Vanquished Creatures (collateral kills)
  A lemure (D)
1 creature vanquished.

Grand Total: 13 creatures vanquished

Notes
Turn   | Place    | Note
-------+----------+-------------------------------------------
     0 | D        | rocky1 the Deep Elf Earth Elementalist began the quest for
                  | the Orb.
     0 | D        | Reached XP level 1. HP: 10/10 MP: 6/6
    19 | D        | Found a bloodstained altar of Trog.
    19 | D        | Found a shimmering blue altar of Sif Muna.
    19 | D        | Found a viscous altar of Jiyva.
    19 | D        | Found a hazy altar of Hepliaklqana.
    19 | D        | Found an opulent altar of Gozag.
    20 | D        | Found a glowing golden altar of the Shining One.
    20 | D        | Found a glowing silver altar of Zin.
    20 | D        | Found a basalt altar of Yredelemnul.
    20 | D        | Found a shimmering altar of Xom.
    20 | D        | Found an ornate altar of the Wu Jian Council.
    20 | D        | Found a sacrificial altar of Ru.
    20 | D        | Found a stormy altar of Qazlal.
    20 | D        | Found an iron altar of Okawaru.
    20 | D        | Found a sparkling altar of Nemelex Xobeh.
    20 | D        | Found a burning altar of Makhleb.
    20 | D        | Found a blossoming altar of Fedhas.
    20 | D        | Found a white marble altar of Elyvilon.
    20 | D        | Found a shadowy altar of Dithmenos.
    20 | D        | Found a snail-covered altar of Cheibriados.
    23 | D        | Found a corrupted altar of Lugonu.
    23 | D        | Found a radiant altar of Vehumet.
    24 | D        | Found an ancient bone altar of Kikubaaqudgha.
    24 | D        | Found a hide-covered altar of Uskayaw.
    24 | D        | Found a broken altar of Ashenzari.
    25 | D        | Became a worshipper of Sif Muna the Loreminder
    65 | D        | Reached skill level 4 in Earth Magic
    67 | D        | Reached * piety under Sif Muna
   222 | D        | Reached skill level 1 in Fighting
   222 | D        | Reached skill level 1 in Invocations
   222 | D        | Reached XP level 2. HP: 16/16 MP: 5/8
   225 | D        | Reached ** piety under Sif Muna
   405 | D        | Reached skill level 5 in Earth Magic
   409 | D        | Reached *** piety under Sif Muna
   410 | D        | Reached XP level 3. HP: 15/21 MP: 4/11
   519 | D        | Noticed Pikel
   519 | D        | Noticed a lemure
   520 | D        | Noticed a lemure
   520 | D        | Noticed a lemure
   520 | D        | Noticed a lemure
   530 | D        | Killed a lemure
   532 | D        | Killed from afar by Pikel

Illustrated notes

Levels and vault maps discovered:
D:        pitsprint [storerooms_1, entrance_room_1, metal_vault_7, armoury_3,
          mini_pit_1, grid_room_1, main_hall_1, silver_pit, the_coven_3,
          the_vestibule_1, steel_vault_3, golden_pit, hallway_of_sentries,
          crystal_vault_4, iron_vault_1, final_vault]

Skill      XL: |  1  2 |
---------------+-------+-----
Earth Magic    | 4 5 |  5.4
Fighting       | 1 |  1.7
Invocations    | 1 2 |  2.3
Spellcasting   | 4 |  4.5
Dodging        | 3 |  3.1
Stealth        | |  2.4
Transmutations | |  1.1

Action                     || total
---------------------------++-------
   Cast: Sandblast         ||    26
    Use: Scroll            ||     2
         Potion            ||     1
 Armour: Robe              ||     2
  Dodge: Dodged            ||    18

Table legend: (Time is in decaauts)
 A = Elapsed time spent in this place.
 B = Non-inter-level travel time spent in this place.
 C = Inter-level travel time spent in this place.
 D = Time resting spent in this place.
 E = Time spent auto-exploring this place.
 F = Levels seen in this place.
 G = Mean time per level.
                   A        B        C        D        E       F      G
               +--------+--------+--------+--------+--------+-----+--------+
         Total |    543 |    524 |     19 |    379 |      0 |   1 |  543.0 |
       Dungeon |    543 |    524 |     19 |    379 |      0 |   1 |  543.0 |
               +--------+--------+--------+--------+--------+-----+--------+

Top non-repeatable levels by time:
       D: 543 daAuts
